[Event "ICC Open 2015"]
[Site "Internet Chess Club"]
[Date "2015.05.29"]
[Round "3"]
[White "Danya"]
[Black "BlitzPawn94"]
[Result "1-0"]
[ICCResult "Black checkmated"]
[WhiteElo "3075"]
[BlackElo "2651"]
[Opening "Grünfeld: exchange variation"]
[ECO "D85"]
[NIC "GI.03"]
[Time "14:25:20"]
[TimeControl "180+0"]

1. d4 Nf6 2. c4 g6 3. Nc3 d5 4. cxd5 Nxd5 5. Nf3 Bg7 6. Bd2 Nb6 7. Bg5 O-O
8. e3 Bg4 9. Be2 Nc6 10. O-O Nd5 11. h3 Nxc3 12. bxc3 Bf5 13. Qb3 b6 14. Nd2
Na5 15. Qa3 c5 16. Rfd1 h6 17. Bh4 g5 18. Bg3 Rc8 19. Nb3 cxd4 20. Nxa5 bxa5
21. cxd4 Qd5 22. Qxe7 Rc2 23. Bf3 Qc4 24. Qxa7 Rxa2 25. Rac1 Qb4 26. d5 Bc2
27. Re1 Bb2 28. Kh2 Bxc1 29. Rxc1 Bf5 30. Be5 a4 31. Qa6 Re8 32. Qf6 Rxe5
33. Qxe5 Qb2 34. Qxb2 Rxb2 35. e4 Bd7 36. Rc7 Bb5 37. Ra7 a3 38. Rxa3 Rxf2
39. Rb3 Bc4 40. Rc3 Bb5 41. Rc5 Bd7 42. Rc7 Bb5 43. d6 Rd2 44. e5 f6 45. Rc5
Bd7 46. Bd5+ Kf8 47. e6 Bxe6 48. Bxe6 Rxd6 49. Bf5 h5 50. Rc7 h4 51. Bg6 Kg8
52. Rf7 Re6 53. Rd7 Rb6 54. Bf5 Kf8 55. Rd5 Rc6 56. Kg1 Rb6 57. Kf2 Rb3 58.
Ke2 Ra3 59. Bd3 Ke7 60. Kf3 Ke6 61. Rd4 Ke5 62. Re4+ Kd5 63. Ke3 f5 64. Re8
f4+ 65. Kd2 Ra2+ 66. Bc2 Ra3 67. Rd8+ Ke5 68. Rg8 Kf6 69. Ke2 Rc3 70. Bd3
Rc5 71. Rf8+ Kg7 72. Ra8 Kf6 73. Kf2 Re5 74. Ra6+ Re6 75. Ra4 Re5 76. Re4
Re6 77. Rxe6+ Kxe6 78. Kf3 Kf6 79. Kg4 Ke5 80. Kxg5 Kd4 81. Bf5 Ke3 82. Kxh4
Kf2 83. Kg4 Ke3 84. h4 f3 85. gxf3 Kd4 86. h5 Ke3 87. h6 Kf2 88. h7 Ke3 89.
h8=Q Kf2 90. Qg7 Ke3 91. Qf6 Kf2 92. Qe5 Kg2 93. f4 Kh2 94. Be4 Kg1 95. f5
Kf2 96. f6 Ke3 97. f7 Kd2 98. f8=Q Ke3 99. Qf3+ Kd2 100. Qec3#
{Black checkmated}
1-0

[Event "ICC Open 2015"]
[Site "Internet Chess Club"]
[Date "2015.05.29"]
[Round "3"]
[White "Zablotsky"]
[Black "whynotchess960"]
[Result "1-0"]
[ICCResult "Black resigns"]
[WhiteElo "2816"]
[BlackElo "2000"]
[Opening "Réti: King's Indian attack (Barcza system)"]
[ECO "A07"]
[NIC "QP.09"]
[Time "14:26:00"]
[TimeControl "180+0"]

1. Nf3 d5 2. g3 Nf6 3. Bg2 c6 4. O-O Bf5 5. d3 e6 6. c4 Nbd7 7. Nc3 Bd6 8.
cxd5 exd5 9. e4 Be6 10. Re1 Qc7 11. exd5 Nxd5 12. Nxd5 cxd5 13. Nd4 O-O 14.
Rxe6 fxe6 15. Nxe6 Qb6 16. Nxf8 Rxf8 17. Bxd5+ Kh8 18. Be3 Bc5 19. d4 Bd6
20. Qb3 Qd8 21. Bxb7 Nf6 22. Rc1 Ng4 23. Rc8 Qf6 24. Rxf8+ Qxf8 25. Qe6 Nxe3
26. fxe3 Be7 27. Bd5 Bg5 28. Kg2 h5 29. h4 Bh6 30. b4 Kh7 31. Be4+ Kh8 32.
Qg6 Qg8 33. d5 Bxe3 34. Qxh5+ Bh6 35. Qg6 {Black resigns} 1-0

[Event "ICC Open 2015"]
[Site "Internet Chess Club"]
[Date "2015.05.29"]
[Round "3"]
[White "LittleDonkey"]
[Black "iragefree"]
[Result "1-0"]
[ICCResult "Black checkmated"]
[WhiteElo "2371"]
[BlackElo "1879"]
[Opening "Sicilian: Scheveningen, 6.Be2"]
[ECO "B83"]
[NIC "SI.19"]
[Time "14:26:55"]
[TimeControl "180+0"]

1. e4 c5 2. Nf3 e6 3. d4 cxd4 4. Nxd4 Nf6 5. Nc3 d6 6. Be2 Be7 7. O-O O-O 8.
Be3 Nc6 9. f3 a6 10. Kh1 Qc7 11. f4 Re8 12. Qe1 Nxd4 13. Bxd4 e5 14. Be3
exf4 15. Bxf4 Be6 16. Bd3 Nd7 17. Qg3 Ne5 18. Rae1 Bf8 19. Bg5 b5 20. a3 Kh8
21. Qh4 Ng6 22. Qh5 Ne5 23. Re3 g6 24. Qh4 h5 25. Be2 Ng4 26. Rh3 Qc5 27.
Bxg4 Bxg4 28. Qxg4 Kg8 29. Qf4 Bg7 30. Bf6 Kh7 31. Bxg7 Kxg7 32. Qxf7+ Kh6
33. Rxh5+ Kxh5 34. Qh7+ Kg4 35. Qxg6+ Qg5 36. h3+ Kh4 37. g3+ Qxg3 38. Qh6#
{Black checkmated}
1-0

[Event "ICC Open 2015"]
[Site "Internet Chess Club"]
[Date "2015.05.29"]
[Round "3"]
[White "Borknagar"]
[Black "olakenn"]
[Result "1-0"]
[ICCResult "Black forfeits on time"]
[WhiteElo "2018"]
[BlackElo "1633"]
[Opening "King's Indian, 3.Nf3"]
[ECO "E60"]
[NIC "QP.06"]
[Time "14:25:41"]
[TimeControl "180+0"]

1. d4 Nf6 2. Nf3 g6 3. c4 Bg7 4. e3 d5 5. Nbd2 O-O 6. Bd3 c6 7. O-O Bg4 8.
h3 Be6 9. c5 b6 10. b4 a5 11. Qb3 axb4 12. Qxb4 Na6 13. Qxb6 Qxb6 14. cxb6
Nb4 15. Bb1 Rfb8 16. a3 Rxb6 17. Nb3 Na6 18. Bc2 Ne4 19. Bxe4 dxe4 20. Nc5
exf3 21. gxf3 Nxc5 22. dxc5 Rb5 23. a4 Rxc5 24. Ba3 Rc2 25. Bxe7 Bxa1 26.
Rxa1 Ra2 27. Rc1 R2xa4 28. Rxc6 Kg7 29. Kg2 h6 30. Bd6 R4a6 31. Be5+ f6 32.
Rc7+ Bf7 33. Bd4 Ra4 34. Rb7 Rxd4 35. exd4 Rd8 36. Rb4 f5 37. f4 Kf6 38. h4
Be6 39. f3 g5 40. hxg5+ hxg5 41. fxg5+ Kxg5 42. Kf2 Bd5 43. Ke3 f4+ 44. Kf2
Rc8 45. Rb5 Rd8 46. Rc5 Kf5 47. Ke2 Ke6 48. Kf2 Kd6 49. Rc1 Rb8 50. Rh1 Rb2+
51. Kg1 Rb1+ 52. Kh2 Rxh1+ 53. Kxh1 {Black forfeits on time} 1-0

[Event "ICC Open 2015"]
[Site "Internet Chess Club"]
[Date "2015.05.29"]
[Round "3"]
[White "maly"]
[Black "muisback"]
[Result "0-1"]
[ICCResult "White resigns"]
[WhiteElo "2652"]
[BlackElo "3115"]
[Opening "King's Indian: orthodox, Donner variation"]
[ECO "E91"]
[NIC "KI.19"]
[Time "14:25:48"]
[TimeControl "180+0"]

1. d4 Nf6 2. c4 g6 3. Nc3 Bg7 4. e4 d6 5. Be2 O-O 6. Nf3 c6 7. O-O e5 8. d5
Na6 9. Bg5 h6 10. Bh4 g5 11. Bg3 Nh5 12. c5 Nxc5 13. b4 Nd7 14. dxc6 bxc6
15. Qxd6 Nf4 16. Rfd1 Qf6 17. Bc4 Nb6 18. Qxf6 Bxf6 19. Bb3 Bg4 20. Rd6 Kg7
21. Rxc6 Rac8 22. Rc5 Be7 23. Rxc8 Rxc8 24. Nd5 Nbxd5 25. exd5 e4 26. Nd2
Bf6 27. Rb1 Bf5 28. Rf1 Bc3 29. Nc4 Bxb4 30. Ne3 Bd7 31. h4 Bc5 32. Rd1 Ne2+
33. Kh2 Nxg3 34. fxg3 Bxe3 35. Re1 Rc3 36. Re2 f5 37. hxg5 hxg5 38. d6 f4
39. gxf4 Bxf4+ 40. Kg1 e3 41. g3 Bxg3 42. Kg2 Bf2 43. Kf3 Kf6 44. Ke4 Bb5
45. Rc2 Rxc2 46. Bxc2 e2 47. d7 e1=Q+ 48. Kf3 Qe3+ {White resigns} 0-1

[Event "ICC Open 2015"]
[Site "Internet Chess Club"]
[Date "2015.05.29"]
[Round "3"]
[White "jyd34"]
[Black "raanan"]
[Result "1-0"]
[ICCResult "Black forfeits on time"]
[WhiteElo "1538"]
[BlackElo "1269"]
[Opening "Scotch: Schmidt variation"]
[ECO "C45"]
[NIC "SO.04"]
[Time "14:26:26"]
[TimeControl "180+0"]

1. e4 e5 2. Nf3 Nc6 3. d4 exd4 4. Nxd4 Nf6 5. f3 Nxe4 6. fxe4 Qh4+ 7. Ke2
Qxe4+ 8. Be3 Bc5 9. c3 O-O 10. Nd2 Qe7 11. N2f3 Re8 12. Qd3 d5 13. Re1 Bg4
14. Kd2 Qf6 15. Ng5 Bxd4 16. Qxh7+ Kf8 17. Qh8+ Ke7 18. Bxd4+ Kd7 19. Qxe8+
Rxe8 20. Bxf6 Rxe1 21. Kxe1 gxf6 22. Nxf7 Ke6 23. Nh6 Bh5 24. Be2 Bg6 25.
Ng4 Kf5 26. Ne3+ Ke4 27. Kd2 f5 28. Bd3+ {Black forfeits on time} 1-0

[Event "ICC Open 2015"]
[Site "Internet Chess Club"]
[Date "2015.05.29"]
[Round "3"]
[White "PADILLON2189"]
[Black "gonesailing"]
[Result "1-0"]
[ICCResult "Black forfeits on time"]
[WhiteElo "1994"]
[BlackElo "1428"]
[Opening "QGD semi-Slav"]
[ECO "D43"]
[NIC "SL.03"]
[Time "14:25:38"]
[TimeControl "180+0"]

1. d4 d5 2. c4 c6 3. Nf3 Nf6 4. Nc3 e6 5. Bg5 Bb4 6. e3 Qa5 7. Bxf6 gxf6 8.
Qc2 c5 9. dxc5 Qxc5 10. a3 Bxc3+ 11. Qxc3 e5 12. b4 Qd6 13. Rd1 Be6 14. cxd5
Bd7 15. Be2 Rg8 16. g3 Na6 17. O-O Rc8 18. Qd2 Bh3 19. Rfe1 f5 20. Rc1 Rxc1
21. Rxc1 Ke7 22. Nh4 f4 23. exf4 exf4 24. Bf1 fxg3 25. hxg3 Bg4 26. Bg2 Kd7
27. Qd4 b6 28. Rc6 Qe7 29. Kh2 Nb8 30. Rc3 Na6 31. Re3 Qd6 32. Bh3 Bxh3 33.
Kxh3 Nc7 34. Rd3 h5 35. Qe4 Qf6 36. Nf5 Rg5 37. d6 Rxf5 38. dxc7+ Kxc7 39.
Qc4+ Kb7 40. Qe4+ Kc7 41. f4 Qe6 42. Rc3+ Kd8 43. Qa8+ Ke7 44. Rc7+ Kf6 45.
Rc6 Qxc6 46. Qxc6+ Kg7 47. Kh4 Rf6 48. Qe4 Rh6 49. Qe5+ Rf6 50. Qg5+ Kf8 51.
Qxf6 b5 52. Kxh5 a5 53. Kh6 axb4 54. axb4 {Black forfeits on time} 1-0

[Event "ICC Open 2015"]
[Site "Internet Chess Club"]
[Date "2015.05.29"]
[Round "3"]
[White "ShcherbinMatvei"]
[Black "Havank"]
[Result "1-0"]
[ICCResult "Black resigns"]
[WhiteElo "2010"]
[BlackElo "1928"]
[Opening "Scotch: Mieses variation"]
[ECO "C45"]
[NIC "SO.04"]
[Time "14:26:24"]
[TimeControl "180+0"]

1. e4 e5 2. Nf3 Nc6 3. d4 exd4 4. Nxd4 Nf6 5. Nxc6 bxc6 6. e5 Qe7 7. Qe2 Nd5
8. c4 Ba6 9. h3 g6 10. Nd2 Bg7 11. Nf3 O-O 12. Bg5 Qb4+ 13. Qd2 Qxd2+ 14.
Kxd2 Nb6 15. b3 d6 16. c5 Bxf1 17. Rhxf1 Nd5 18. cxd6 cxd6 19. exd6 Bxa1 20.
Rxa1 f6 21. Bh4 Rad8 22. Bg3 f5 23. Be5 Rfe8 24. Re1 Rxe5 25. Nxe5 Rxd6 26.
Ke2 Re6 27. Kf1 Nf4 28. g3 Nxh3 29. f4 g5 30. Kg2 g4 31. Rd1 h5 32. Rd7 h4
33. Rxa7 Rd6 34. Rd7 Re6 35. a4 hxg3 36. Kxg3 Ng1 37. Kf2 Nh3+ 38. Ke3 g3
39. Kf3 g2 40. Kxg2 Nxf4+ 41. Kf3 Rxe5 42. Kxf4 Rc5 43. Rb7 Kf8 44. b4 Rd5
45. a5 c5 46. a6 c4 47. a7 Rd8 48. Rb8 {Black resigns} 1-0

[Event "ICC Open 2015"]
[Site "Internet Chess Club"]
[Date "2015.05.29"]
[Round "3"]
[White "kevinice"]
[Black "Bagelhead"]
[Result "0-1"]
[ICCResult "White forfeits on time"]
[WhiteElo "1880"]
[BlackElo "2333"]
[Opening "Nimzo-Indian: Kmoch variation"]
[ECO "E20"]
[NIC "NI.30"]
[Time "14:26:40"]
[TimeControl "180+0"]

1. d4 Nf6 2. c4 e6 3. Nc3 Bb4 4. f3 O-O 5. a3 Bxc3+ 6. bxc3 Nh5 7. Nh3 f5 8.
Nf2 b6 9. e4 fxe4 10. fxe4 Nf4 11. g3 Ng6 12. Bg2 e5 13. O-O Nc6 14. Be3 Ba6
15. Qa4 Na5 16. Ng4 Bxc4 17. Rxf8+ Kxf8 18. h4 h5 19. Bg5 Qe8 20. Nf2 d6 21.
Qxe8+ Rxe8 22. Bf3 Bf7 23. Bxh5 Nc4 24. Bxg6 Bxg6 {White forfeits on time}
0-1

[Event "ICC Open 2015"]
[Site "Internet Chess Club"]
[Date "2015.05.29"]
[Round "3"]
[White "JEMEM"]
[Black "hAutAjArvi"]
[Result "0-1"]
[ICCResult "White checkmated"]
[WhiteElo "1901"]
[BlackElo "2003"]
[Opening "Nimzo-Indian: classical, 4...c5"]
[ECO "E38"]
[NIC "NI.22"]
[Time "14:26:31"]
[TimeControl "180+0"]

1. d4 Nf6 2. c4 e6 3. Nc3 Bb4 4. Qc2 c5 5. dxc5 Bxc5 6. Nf3 d6 7. Bg5 Nbd7
8. e4 h6 9. Bh4 a6 10. Be2 Qc7 11. O-O O-O 12. Rfd1 Re8 13. a3 Ng4 14. b4
Ba7 15. Bg3 Nge5 16. Qb3 b6 17. Rac1 Bb8 18. Rd2 Nxf3+ 19. Bxf3 Ne5 20. Be2
Bb7 21. Rcd1 Bc6 22. f4 Ng6 23. f5 Ne5 24. fxe6 Rxe6 25. b5 Bb7 26. Nd5 Bxd5
27. cxd5 Rg6 28. bxa6 Ba7 29. Rc2 Qe7 30. Rdc1 Kh7 31. Rc7 Qg5 32. Kh1 Bb8
33. R7c2 h5 34. Bf1 h4 35. Be1 Ba7 36. Qc3 Re8 37. Qd2 Qg4 38. Rc7 Ra8 39.
Qe2 Qg5 40. Qd2 Qf6 41. Qe2 b5 42. Rb7 Qg5 43. Rcc7 h3 44. Bc3 hxg2+ 45.
Bxg2 Qc1+ 46. Bf1 Rg1# {White checkmated} 0-1

[Event "ICC Open 2015"]
[Site "Internet Chess Club"]
[Date "2015.05.29"]
[Round "3"]
[White "Huemul"]
[Black "RaiseTheCurve"]
[Result "0-1"]
[ICCResult "White forfeits on time"]
[WhiteElo "1340"]
[BlackElo "1979"]
[Opening "Alekhine's defense"]
[ECO "B03"]
[NIC "AL.09"]
[Time "14:25:21"]
[TimeControl "180+0"]

1. e4 Nf6 2. e5 Nd5 3. d4 Nb6 4. Nc3 d5 5. Nf3 Bg4 6. Be2 e6 7. Ng5 Bxe2 8.
Qxe2 Be7 9. Nf3 c5 10. O-O Nc6 11. Bf4 cxd4 12. Nb5 Bc5 13. Nd6+ Bxd6 14.
exd6 O-O 15. Rfe1 Nc4 16. Qd3 Nxb2 17. Qb3 Nc4 18. Qxb7 Qb6 19. Qd7 Rad8 20.
Qc7 Nxd6 21. Bxd6 Qxc7 22. Bxc7 Rc8 23. Bd6 Rfd8 24. Bc5 e5 25. Rab1 f6 26.
Rb7 Na5 27. Rxa7 Rxc5 28. Rb1 Rdc8 29. h3 R8c7 30. Ra8+ Kf7 31. Rbb8 Nc6 32.
Rf8+ Ke6 33. Ra6 Rxc2 34. Re8+ Kd7 35. Rg8 Rc1+ 36. Kh2 Ke6 37. Re8+ Kf7 38.
Rh8 e4 39. Nd2 e3 40. fxe3 dxe3 41. Nf3 e2 42. Rxh7 e1=Q 43. Nxe1 Rxe1 44.
Rh8 d4 45. Raa8 d3 46. Raf8+ Kg6 47. h4 d2 48. h5+ Kf5 49. Rd8 d1=Q 50. Rxd1
Rxd1 51. Re8 Nb4 52. Re3 Nxa2 53. Rf3+ Ke6 54. Re3+ Kf7 55. Ra3 Rc2 56. Ra7+
Ke6 57. Ra6+ Kf5 58. Ra5+ Kg4 59. Ra4+ Kxh5 60. Ra5+ Kg6 61. Ra3 Rdd2 62.
Rg3+ Kf7 63. Kh3 Rxg2 64. Rxg2 Rxg2 65. Kxg2 Nc3 66. Kf3 Nd5 67. Ke4 Ne7 68.
Kf3 g6 69. Kg4 f5+ 70. Kf4 Kg7 71. Kg5 Kf7 72. Kf4 Kf6 73. Kf3 g5 74. Kg3
Ng6 75. Kf3 Ne5+ 76. Kg3 f4+ 77. Kf2 Kf5 78. Kg2 g4 79. Kf1 Nf7 80. Kf2 Ng5
81. Kg2 f3+ 82. Kf2 Ne4+ 83. Kf1 Kf4 84. Kg1 g3 85. Kf1 f2 86. Kg2 Nf6 87.
Kf1 Ng4 88. Ke2 Ne3 89. Kd3 f1=Q+ 90. Kd4 g2 91. Kc5 g1=Q 92. Kd6 Nf5+ 93.
Ke6 Qb6+ 94. Kf7 Qc4+ 95. Kf8 Qc8+ {White forfeits on time} 0-1

[Event "ICC Open 2015"]
[Site "Internet Chess Club"]
[Date "2015.05.29"]
[Round "3"]
[White "Radja"]
[Black "VerdeNotte"]
[Result "0-1"]
[ICCResult "White forfeits on time"]
[WhiteElo "2416"]
[BlackElo "2964"]
[Opening "Sicilian: dragon, Levenfish variation"]
[ECO "B71"]
[NIC "SI.15"]
[Time "14:25:29"]
[TimeControl "180+0"]

1. e4 c5 2. Nf3 d6 3. d4 cxd4 4. Nxd4 Nf6 5. Nc3 g6 6. f4 Nc6 7. Nf3 Bg7 8.
Bd3 Qb6 9. a4 O-O 10. Qe2 Bg4 11. Qe3 Bxf3 12. gxf3 Nd4 13. a5 Qc5 14. Kd1
Qh5 15. Be2 Nxe2 16. Qxe2 Rfc8 17. Bd2 Rc5 18. a6 b5 19. f5 gxf5 20. Rg1
fxe4 21. fxe4 b4 22. Qxh5 Rxh5 23. Ne2 Nxe4 24. Bxb4 Kf8 25. Rg2 Bxb2 26.
Rb1 Bf6 27. Nf4 Rb5 28. c4 Rb6 29. Kc2 Rab8 30. Nd5 Rxa6 31. Nxf6 Nxf6 32.
Bc3 Ra2+ 33. Rb2 Raxb2+ 34. Bxb2 e5 35. c5 Rc8 36. Ba3 Ne4 37. Kd3 Nxc5+ 38.
Kc4 Ke7 39. Kd5 a5 40. Rb2 Rc7 41. Rb6 Rd7 42. Bxc5 dxc5+ 43. Kxe5 Ra7 44.
Rb3 a4 45. Ra3 f6+ 46. Kd5 Ra5 47. Kc4 Kd6 48. h4 Kc6 49. Rf3 Kd7 50. Rxf6
a3 51. Rf2 a2 52. Rd2+ Kc6 53. Rc2 a1=Q 54. Kd3 Qd4+ {White forfeits on
time} 0-1

[Event "ICC Open 2015"]
[Site "Internet Chess Club"]
[Date "2015.05.29"]
[Round "3"]
[White "KingGambits"]
[Black "Tacticguy"]
[Result "0-1"]
[ICCResult "White forfeits on time"]
[WhiteElo "1637"]
[BlackElo "1913"]
[Opening "English opening"]
[ECO "A05"]
[NIC "QP.11"]
[Time "14:27:11"]
[TimeControl "180+0"]

1. Nf3 Nf6 2. c4 e6 3. Nc3 d5 4. cxd5 exd5 5. d4 Be7 6. Bg5 c6 7. e3 O-O 8.
Bd3 Re8 9. O-O Nbd7 10. Rc1 h6 11. Bh4 Nf8 12. Bb1 Ne4 13. Bxe7 Nxc3 14.
Bxd8 Nxd1 15. Rfxd1 Rxd8 16. e4 dxe4 17. Bxe4 Be6 18. b3 Bd5 19. Bxd5 Rxd5
20. Ne1 Rad8 21. Nc2 Ne6 22. Ne3 Rxd4 23. Kf1 Kf8 24. Ke2 Nf4+ 25. Kf3 Nd3
26. Ra1 Ne5+ 27. Ke2 g6 28. Rxd4 Rxd4 29. Rd1 Rxd1 30. Nxd1 Ke7 31. Ne3 Kd6
32. f4 Nd7 33. Ng4 h5 34. Nf2 Kd5 35. Nh3 f6 36. Ke3 Nc5 37. Nf2 a5 38. g3
b5 39. h3 b4 {White forfeits on time} 0-1

[Event "ICC Open 2015"]
[Site "Internet Chess Club"]
[Date "2015.05.29"]
[Round "3"]
[White "dietcoke"]
[Black "editm"]
[Result "1-0"]
[ICCResult "Black forfeits on time"]
[WhiteElo "1981"]
[BlackElo "1763"]
[Opening "Caro-Kann: advance variation"]
[ECO "B12"]
[NIC "CK.02"]
[Time "14:25:47"]
[TimeControl "180+0"]

1. e4 c6 2. d4 d5 3. e5 c5 4. dxc5 Nc6 5. Nf3 Bg4 6. Be2 e6 7. c3 Bxc5 8.
Bf4 Nge7 9. b4 Bb6 10. b5 Na5 11. O-O O-O 12. Nbd2 Rc8 13. Rc1 Ng6 14. Bg3
Bc7 15. Qa4 Bxf3 16. Nxf3 Qd7 17. Rfd1 a6 18. c4 axb5 19. cxb5 Bb6 20. h4
Ne7 21. Qg4 Nf5 22. h5 Rxc1 23. Rxc1 Rc8 24. Bf4 Rxc1+ 25. Bxc1 Qc7 26. Bd2
Qc2 27. h6 Nxh6 28. Bxh6 Qb1+ 29. Kh2 g6 30. Qg5 Qf5 31. Qxf5 gxf5 32. Kg1
Nc4 33. Bxc4 dxc4 34. Bd2 Bc5 35. Bc3 b6 36. Nd4 Kf8 37. Nc6 Ke8 38. Kf1 Kd7
39. Ke2 Be7 40. f3 Bb4 41. Nxb4 Kc7 42. Nc2 Kd7 43. Ne3 Kc7 44. Nxc4 Kd7 45.
Kd3 Kc7 46. Kd4 Kb7 47. Ne3 Kc7 48. f4 Kb7 49. g3 Kc7 50. Ng2 Kb7 51. Nh4
Kc7 52. Nf3 h5 53. Ng5 Kb7 54. Nxf7 h4 55. gxh4 Kc7 56. h5 Kb7 57. h6 Kc7
58. Ng5 Kb7 59. Nxe6 {Black forfeits on time} 1-0

[Event "ICC Open 2015"]
[Site "Internet Chess Club"]
[Date "2015.05.29"]
[Round "3"]
[White "PuRe"]
[Black "The7thGuest"]
[Result "0-1"]
[ICCResult "White resigns"]
[WhiteElo "1828"]
[BlackElo "2053"]
[Opening "Sicilian: closed"]
[ECO "B23"]
[NIC "SI.44"]
[Time "14:26:18"]
[TimeControl "180+0"]

1. e4 c5 2. Nc3 e6 3. f4 a6 4. g3 b5 5. Bg2 Bb7 6. d3 Nc6 7. Nf3 Nd4 8. Nxd4
cxd4 9. Ne2 Bc5 10. c3 dxc3 11. bxc3 Ne7 12. d4 Bb6 13. Be3 d5 14. e5 Nf5
15. Qd2 Nxe3 16. Qxe3 Rc8 17. Rc1 Ba5 18. O-O O-O 19. f5 exf5 20. Rxf5 Qd7
21. Rcf1 Qe6 22. Bh3 Qc6 23. R1f3 Rce8 24. g4 Bc8 25. Rh5 f6 26. g5 fxe5 27.
Rxf8+ Rxf8 28. Qxe5 Bxh3 29. Rxh3 Re8 30. Qf5 Rxe2 31. Qxh7+ Kf8 32. Rf3+
Ke8 33. Qg8+ Kd7 34. Rf7+ Re7 35. Rxe7+ Kxe7 36. Qxg7+ Kd8 37. h4 Bxc3 38.
h5 Qc4 39. Qf8+ Kc7 40. Qe7+ Kb6 41. Qd8+ Qc7 42. Qxd5 Qg3+ 43. Kf1 Qd3+ 44.
Kf2 Bxd4+ 45. Qxd4+ Qxd4+ 46. Kf3 Qe5 47. Kg4 Qe4+ 48. Kg3 Kc5 49. h6 Qg6
50. Kh4 Kd4 51. Kg4 Ke4 52. a3 a5 {White resigns} 0-1

[Event "ICC Open 2015"]
[Site "Internet Chess Club"]
[Date "2015.05.29"]
[Round "3"]
[White "QuezadaY"]
[Black "ShreyansGhia"]
[Result "1-0"]
[ICCResult "Black checkmated"]
[WhiteElo "3351"]
[BlackElo "2186"]
[Opening "Damiano's defense"]
[ECO "C40"]
[NIC "KP.10"]
[Time "14:26:32"]
[TimeControl "180+0"]

1. e4 e5 2. Nf3 f6 3. d4 Bd6 4. Nc3 exd4 5. Nxd4 Be5 6. f4 Bxd4 7. Qxd4 d6
8. Bc4 Nh6 9. O-O Bg4 10. h3 Bh5 11. f5 Nc6 12. Qf2 Qe7 13. Nd5 Qd8 14. Bxh6
gxh6 15. Qh4 Bf7 16. Nxf6+ Kf8 17. Qxh6+ Ke7 18. Nd5+ Bxd5 19. f6+ Kd7 20.
Bxd5 Nd4 21. Qg7+ Kc8 22. f7 Nf3+ 23. Rxf3 Rf8 24. Be6+ Kb8 25. Rg3 c6 26.
Qxf8 Qxf8 27. Rg8 Kc7 28. Rxf8 Rxf8 29. Rf1 Kd8 30. g4 Ke7 31. Bb3 a5 32. a3
Rxf7 33. Rxf7+ Kd8 34. Rxh7 b5 35. g5 c5 36. g6 c4 37. Ra7 cxb3 38. g7 bxc2
39. g8=Q# {Black checkmated} 1-0

[Event "ICC Open 2015"]
[Site "Internet Chess Club"]
[Date "2015.05.29"]
[Round "3"]
[White "chessdjw"]
[Black "nikenwidiartto"]
[Result "1-0"]
[ICCResult "Black resigns"]
[WhiteElo "2199"]
[BlackElo "1784"]
[Opening "Réti: King's Indian attack (Barcza system)"]
[ECO "A07"]
[NIC "QP.09"]
[Time "14:26:00"]
[TimeControl "180+0"]

1. Nf3 d5 2. g3 c6 3. Bg2 Bg4 4. O-O Nd7 5. c4 e6 6. cxd5 Bxf3 7. Bxf3 cxd5
8. d3 Ngf6 9. Nc3 Be7 10. a3 O-O 11. b4 Rc8 12. Bb2 Nb6 13. Qb3 Qd7 14. a4
a6 15. a5 d4 16. axb6 dxc3 17. Bxc3 Nd5 18. Bxd5 exd5 19. Ra5 d4 20. Bb2 Bf6
21. Rc5 Qd6 22. Rfc1 Rce8 23. R1c2 Qxb6 24. Qc4 Rd8 25. h4 Rfe8 26. h5 h6
27. Rc7 Rf8 28. Ba3 Qd6 29. Rxb7 Qe5 30. b5 Qxh5 31. Bxf8 Bh4 32. Qxf7+ Qxf7
33. Rxf7 Kxf7 34. gxh4 Kxf8 35. bxa6 Ra8 36. Ra2 Ke7 37. Kg2 Kd6 38. a7 Kc5
39. h5 Kd5 {Black resigns} 1-0

[Event "ICC Open 2015"]
[Site "Internet Chess Club"]
[Date "2015.05.29"]
[Round "3"]
[White "EirikG"]
[Black "Platyborg"]
[Result "0-1"]
[ICCResult "White resigns"]
[WhiteElo "2546"]
[BlackElo "3097"]
[Opening "Sicilian defense"]
[ECO "B32"]
[NIC "SI.32"]
[Time "14:26:50"]
[TimeControl "180+0"]

1. e4 c5 2. Nf3 Nc6 3. d4 cxd4 4. Nxd4 Qb6 5. Nb3 Nf6 6. Nc3 e6 7. Be2 Be7
8. O-O a6 9. Kh1 Qc7 10. f4 d6 11. Be3 O-O 12. Qe1 b5 13. a3 Bb7 14. Qg3 b4
15. axb4 Nxb4 16. Bd3 d5 17. e5 Ne4 18. Bxe4 dxe4 19. Qf2 Nd5 20. Bd4 Nxc3
21. Bxc3 Bd5 22. Nd4 g6 23. Ra5 Qb7 24. Qe3 Rfc8 25. Rfa1 Bc5 26. h3 Bb6 27.
R5a3 Rc4 28. Kh2 a5 29. Qd2 e3 30. Qxe3 Bxd4 31. Bxd4 Rxc2 32. Rg1 Bxg2 33.
Kg3 Bd5 34. f5 exf5 35. e6 Bxe6 36. Qe5 Qc7 37. Kf4 Qxe5+ 38. Kxe5 Rc4 39.
Rga1 g5 40. Rxa5 Rxa5+ 41. Rxa5 Kg7 42. Bc3 Kg6 43. Ra8 h6 44. Rg8+ Kh5 45.
Rh8 f4 46. Kf6 Rc6 47. Kg7 Bxh3 48. Bf6 Rxf6 49. Kxf6 f3 50. Kg7 f5 51.
Rxh6+ Kg4 {White resigns} 0-1

[Event "ICC Open 2015"]
[Site "Internet Chess Club"]
[Date "2015.05.29"]
[Round "3"]
[White "a-man"]
[Black "Doondoon"]
[Result "0-1"]
[ICCResult "White forfeits on time"]
[WhiteElo "1484"]
[BlackElo "1684"]
[Opening "Sicilian defense"]
[ECO "B27"]
[NIC "SI.43"]
[Time "14:26:00"]
[TimeControl "180+0"]

1. e4 c5 2. Nf3 f5 3. exf5 Nf6 4. Nc3 d5 5. Bd3 c4 6. Be2 Bxf5 7. b3 cxb3 8.
axb3 e6 9. O-O Bd6 10. Nd4 O-O 11. Nxf5 exf5 12. Bd3 Ne4 13. Nxe4 fxe4 14.
Be2 Nc6 15. c4 d4 16. Bb2 Qh4 17. g3 Qg5 18. d3 e3 19. fxe3 Qxe3+ 20. Kh1
Rae8 21. Re1 Rf2 22. Bh5 Qxe1+ 23. Qxe1 Rxe1+ 24. Rxe1 Rxb2 25. Re8+ Bf8 26.
Kg1 g6 27. Bg4 Kf7 28. Re1 Rxb3 29. Rf1+ Kg7 30. Be6 Bd6 31. Rf7+ Kh6 32.
Rf1 Rxd3 33. Rc1 Rc3 34. Rf1 a5 35. Bd5 a4 36. Be6 a3 37. Bd5 a2 38. Be6 Rb3
39. c5 Rb1 40. cxd6 a1=Q 41. d7 Rxf1+ 42. Kg2 Rg1+ 43. Kh3 Qf1+ 44. Kg4 Ne5+
45. Kh4 Qf6+ {White forfeits on time} 0-1

[Event "ICC Open 2015"]
[Site "Internet Chess Club"]
[Date "2015.05.29"]
[Round "3"]
[White "Ennjy"]
[Black "jensak"]
[Result "1-0"]
[ICCResult "Black resigns"]
[WhiteElo "1664"]
[BlackElo "1643"]
[Opening "QGD Slav: 4.Nc3"]
[ECO "D15"]
[NIC "SL.03"]
[Time "14:26:26"]
[TimeControl "180+0"]

1. d4 d5 2. c4 c6 3. Nc3 Nf6 4. Nf3 a6 5. e3 b5 6. b3 e6 7. Bd3 bxc4 8. bxc4
dxc4 9. Bxc4 Be7 10. O-O O-O 11. e4 Nbd7 12. Be3 Nb6 13. Bd3 Bb7 14. Qc2 Rb8
15. e5 Nfd5 16. Nxd5 Nxd5 17. Bxh7+ Kh8 18. Be4 c5 19. Bxd5 Bxd5 20. dxc5
Qa5 21. Rfc1 g6 22. Ng5 Kg7 23. Ne4 Rfc8 24. Qd3 Bxe4 25. Qxe4 Bxc5 26. Bxc5
Rxc5 27. Rxc5 Qxc5 28. Qf4 Qe7 29. h3 Rb2 30. a4 a5 31. g4 Rb4 32. Qf3 Qg5
33. Rd1 Rxa4 34. Rd7 Qxe5 35. Qxf7+ Kh6 36. Qf8+ Kg5 37. Qd8+ Qf6 38. h4+
{Black resigns}
1-0

[Event "ICC Open 2015"]
[Site "Internet Chess Club"]
[Date "2015.05.29"]
[Round "3"]
[White "sakram07"]
[Black "jorgeearroyo"]
[Result "1-0"]
[ICCResult "Black forfeits on time"]
[WhiteElo "1695"]
[BlackElo "1199"]
[Opening "Giuoco Piano: four knights variation"]
[ECO "C26"]
[NIC "VG.02"]
[Time "14:26:09"]
[TimeControl "180+0"]

1. e4 e5 2. Bc4 Nf6 3. Nc3 Bc5 4. Nf3 Nc6 5. O-O O-O 6. d3 d6 7. Bg5 Bg4 8.
Nd5 Nd4 9. Nxf6+ gxf6 10. Bh6 Nxf3+ 11. gxf3 Bh3 12. f4 Qd7 13. f5 Kh8 14.
Bxf8 Rxf8 15. Kh1 Bxf1 16. Qxf1 Rg8 17. Qe2 c6 18. Rg1 Qe8 19. Rxg8+ Qxg8
20. Qf3 b5 21. Bb3 a5 22. a4 bxa4 23. Bxa4 Qg5 24. Qg3 Qc1+ 25. Kg2 Qg5 26.
Qxg5 fxg5 27. Bxc6 h5 28. b3 Kg7 29. f3 f6 30. h3 {Black forfeits on time}
1-0

[Event "ICC Open 2015"]
[Site "Internet Chess Club"]
[Date "2015.05.29"]
[Round "3"]
[White "El-Flippo"]
[Black "shortcastle"]
[Result "0-1"]
[ICCResult "White forfeits on time"]
[WhiteElo "1308"]
[BlackElo "1695"]
[Opening "Sicilian: dragon, classical attack"]
[ECO "B72"]
[NIC "SI.15"]
[Time "14:26:15"]
[TimeControl "180+0"]

1. e4 c5 2. Nf3 d6 3. d4 cxd4 4. Nxd4 Nf6 5. Nc3 g6 6. Be2 Bg7 7. Be3 O-O 8.
f3 Nc6 9. Qd2 Nxd4 10. Bxd4 Be6 11. g4 Qa5 12. h4 Rac8 13. h5 d5 14. hxg6
hxg6 15. Bd3 Rfd8 16. e5 Nd7 17. Qh2 Qc7 18. Qh7+ Kf8 19. O-O-O Bxe5 20.
Bxe5 Qxe5 21. Rh3 Qg7 22. Qh4 Qf6 23. Qh6+ Qg7 24. Qxg7+ Kxg7 25. Rdh1 Rh8
26. Rxh8 Rxh8 27. Rxh8 Kxh8 {White forfeits on time} 0-1